 Dungeon Crawl Stone Soup version 0.26-a0-415-g2a96157 (webtiles) character file.

Game seed: 7590776332234281631

44 Illumine the Skirmisher (level 3, -2/37 HPs)
             Began as an Ogre Warper on July 24, 2020.
             Slain by a gnoll
             ... wielding a +0 whip
              (5 damage)
             ... on level 1 of the Dungeon.
             The game lasted 00:06:01 (2527 turns).

Illumine the Skirmisher (Ogre Warper)               Turns: 2527, Time: 00:06:02

Health: -2/37      AC:  3    Str: 16    XL:     3   Next: 62%
Magic:  7/7        EV: 10    Int: 14    God:
Gold:   49         SH:  0    Dex:  8    Spells: 2/7 levels left

rFire    . . .     SeeInvis .   a - +0 mace
rCold    . . .     Faith    .   (no shield)
rNeg     . . .     Spirit   .   b - +0 robe
rPois    .         Reflect  .   (helmet restricted)
rElec    .         Harm     .   (no cloak)
rCorr    .                      (gloves unavailable)
MR       .....                  (boots unavailable)
Stlth    +.........             (no amulet)
HPRegen  0.12/turn              (no ring)
MPRegen  0.10/turn              (no ring)

@: stab
A: large, unfitting armour, tough skin 1
a: no special abilities


You were on level 1 of the Dungeon.
You visited 1 branch of the dungeon, and saw 2 of its levels.

You collected 49 gold pieces.

Inventory:

Hand Weapons
 a - a +0 mace (weapon)
 o - a +0 great sword
Missiles
 e - 5 boomerangs of dispersal
 f - 56 stones (quivered)
 k - 19 sling bullets
 m - 5 poisoned darts
Armour
 b - a +0 robe (worn)
Scrolls
 c - a scroll of fear {unknown}
 d - 2 scrolls of blinking
 g - a scroll of amnesia {unknown}
 j - a scroll of remove curse {unknown}
 l - 2 scrolls of immolation {unknown}
 p - 2 scrolls of identify {unknown}
Potions
 h - a potion of stabbing
 i - a potion of heal wounds {unknown}
 n - a potion of flight {unknown}


   Skills:
 + Level 3.2 Fighting
 * Level 2.5 Maces & Flails
 - Level 1.5 Throwing
 + Level 2.3 Dodging
 + Level 2.9 Spellcasting
 + Level 2.6 Translocations


You had 2 spell levels left.
You knew the following spells:

 Your Spells              Type           Power        Failure   Level
a - Blink                 Tloc           N/A          11%         2
b - Lesser Beckoning      Tloc           #.........   22%         3

Your spell library contained the following spells:

 Spells                   Type           Power        Failure   Level
 Gell's Gravitas          Tloc           #.........   22%         3
 Teleport Other           Tloc           #.......     22%         3
 Passage of Golubria      Tloc           N/A          56%         4


Dungeon Overview and Level Annotations

Branches:
Dungeon (2/15)

Altars:
Dithmenos


Innate Abilities, Weirdness & Mutations

You are too large for most types of armour.
You have tough skin. (AC +1)


Message History

There is a stone staircase leading down here.
You hit the gnoll.
The gnoll is moderately wounded.
The gnoll hits you with a +0 whip.
The hobgoblin hits you with a +0 short sword.
* * * LOW HITPOINT WARNING * * *
There is a stone staircase leading down, spattered with blood here.
There is an open door here.
You barely miss the gnoll.
The gnoll is moderately wounded.
The gnoll hits you with a +0 whip!
* * * LOW HITPOINT WARNING * * *
You closely miss the gnoll.
The gnoll is moderately wounded.
The gnoll barely misses you. The gnoll hits you with a +0 whip.
* * * LOW HITPOINT WARNING * * *
It was a potion of stabbing.
You feel ready to backstab. The gnoll hits you with a +0 whip.
You die...

.....##############......#
.....# #.###### .....# #.#
.....#### #.# ........#
#.# ........# #.#
....>...# #.# ........#
#########.# ###.....#
#...gg@...#
###.....###.#########
#.........#.#
#.........'g#
#.........#.#
#.........#.#
#.........#.#
#.........### #.........#


You could see a gnoll and a hobgoblin.

Vanquished Creatures
  A gnoll (D:2)
  2 dart slugs
  A leopard gecko (D:2)
  A giant cockroach (D:1)
  5 goblins
  7 hobgoblins
  2 bats (D:1)
  A frilled lizard (D:2)
  3 kobolds
  6 rats
29 creatures vanquished.

Notes
Turn   | Place    | Note
-------+----------+-------------------------------------------
     0 | D:1      | Illumine the Ogre Warper began the quest for the Orb.
     0 | D:1      | Reached XP level 1. HP: 22/22 MP: 3/3
   468 | D:1      | Reached XP level 2. HP: 20/29 MP: 5/5
   565 | D:1      | Learned a level 2 spell: Blink
   893 | D:1      | Reached skill level 3 in Fighting
  1171 | D:2      | Reached XP level 3. HP: 30/37 MP: 7/7
  1951 | D:2      | Found a shadowy altar of Dithmenos.
  2102 | D:2      | Learned a level 3 spell: Lesser Beckoning
  2527 | D:1      | Slain by a gnoll

Illustrated notes

Levels and vault maps discovered:
D:1:      eino_arrival_cavern_e, layout_basic
D:2:      layout_basic, marbit_many_paths, tso_altar

Skill      XL: |  1  2 |
---------------+-------+-----
Maces & Flails | 2 |  2.5
Fighting       | 3 |  3.2
Throwing       | |  1.5
Dodging        | |  2.3
Spellcasting   | |  2.9
Translocations | |  2.6

Action                   || total
-------------------------++-------
Melee: Mace              ||   107
       Great sword       ||    13
Throw: Stone             ||    34
 Cast: Blink             ||     2
  Use: Potion            ||     1
Armor: Robe              ||    30
Dodge: Dodged            ||    73
       Rpst.: Great sword ||     5

Table legend: (Time is in decaauts)
 A = Elapsed time spent in this place.
 B = Non-inter-level travel time spent in this place.
 C = Inter-level travel time spent in this place.
 D = Time resting spent in this place.
 E = Time spent auto-exploring this place.
 F = Levels seen in this place.
 G = Mean time per level.
                   A        B        C        D        E       F      G
               +--------+--------+--------+--------+--------+-----+--------+
         Total |   2569 |   2541 |     28 |   1038 |   1015 |   2 | 1284.5 |
       Dungeon |   2569 |   2541 |     28 |   1038 |   1015 |   2 | 1284.5 |
               +--------+--------+--------+--------+--------+-----+--------+

Top non-repeatable levels by time:
     D:1: 1365 daAuts
     D:2: 1203 daAuts
